cohdb
Replays
Latest Replays
All Replays
Popular Replays
Top Player Replays
Match Explorer
How It Works
Community
CoH3 Stats
Reddit
Sign in to upload your games and track your stats! →
Sign in with Steam
Match 42324709
Unlisted
Match 42324709
Overview
Messages
Build Orders
End
Selects Special Operations Battlegroup
Construct Barracks
Riflemen Squad
Riflemen Squad
Grenade Package
Engineer Squad
Infantry Support Center
Selects Smoke Screen
Construct Medical Station
Smoke Screen
M1918 Browning Automatic Rifles
Munitions Surplus
Smoke Screen
Selects SSF Commando Squad
SSF Commando Squad
Advanced Logistics
Engineer Squad
Survival Training
Construct Weapon Support Center
Smoke Screen
Riflemen Squad
Improved M9 Bazooka Rockets
Demolitions Package
Smoke Screen
SSF Commando Squad
Selects Air Re-supply Operation
Riflemen Squad
Smoke Screen
Selects M29 Weasel with M1 Pack Howitzer
Construct Tank Depot
Smoke Screen
Selects P-47 Anti-Infantry Loiter
Selects UNKNOWN (2162291)
M4A1 Sherman Whizbang
SSF Commando Squad
Smoke Screen
P-47 Anti-Infantry Loiter
Smoke Screen
SSF Commando Squad
M4A1 Sherman Medium Tank
Smoke Screen
Derek Doon
CannonFodder
PlammX
Rurutia
RockWoo
Drone Operator
simranjitsingh713
Fallenschirmjäger
0
0
Comments
sign in to comment!
No comments posted yet!